 Dungeon Crawl Stone Soup version 0.26-a0-597-gb535b0901c (webtiles) character file.

Game seed: 1995811255147063674

63 Alarkh the Skirmisher (level 3, 0/29 HPs)
             Began as a Demonspawn Fighter on Sept 6, 2020.
             Slain by an adder (3 damage)
             ... on level 2 of the Dungeon.
             The game lasted 00:01:46 (1440 turns).

Alarkh the Skirmisher (Demonspawn Fighter)          Turns: 1440, Time: 00:01:47

Health: 0/29       AC:  6    Str: 16    XL:     3   Next: 87%
Magic:  3/3        EV:  6    Int: 10    God:
Gold:   107        SH:  9    Dex: 12    Spells: 2/2 levels left

rFire    + . .     SeeInvis +     - Unarmed
rCold    . . .     Faith    .   b - +0 kite shield
rNeg     . . .     Spirit   .   a - +0 scale mail
rPois    .         Reflect  .   (helmet restricted)
rElec    .         Harm     .   (no cloak)
rCorr    .                      (no gloves)
MR       .....                  (no boots)
Stlth    ..........             (no amulet)
HPRegen  0.09/turn              l - ring of protection from fire
MPRegen  0.08/turn              p - ring of see invisible

@: mighty, lethally poisoned (0 -> -3)
A: antennae 1, powered by death 1, powered by pain 1
a: no special abilities


You were on level 2 of the Dungeon.
You visited 1 branch of the dungeon, and saw 2 of its levels.

You collected 107 gold pieces.

Inventory:

Armour
 a - a +0 scale mail (worn)
 b - a +0 kite shield (worn)
Jewellery
 l - a ring of protection from fire (left hand)
 p - a ring of see invisible (right hand)
Scrolls
 d - a scroll of teleportation {unknown}
 e - a scroll of noise {unknown}
 g - a scroll of amnesia {unknown}
 i - a scroll of fog {unknown}
 k - a scroll of immolation {unknown}
 m - a scroll of identify {unknown}
Potions
 h - a potion of haste {unknown}
 j - 3 potions of mutation
 n - a potion of brilliance {unknown}
 o - a potion of stabbing {unknown}


   Skills:
 + Level 3.5 Fighting
 - Level 2.6 Armour
 + Level 3.2 Shields
 * Level 3.0 Unarmed Combat


You had 2 spell levels left.
You didn't know any spells.
Your spell library was empty.

Dungeon Overview and Level Annotations

Branches:
Dungeon (2/15)

Altars:


Innate Abilities, Weirdness & Mutations

You regenerate a little health from kills.
You sometimes gain a little power by taking damage.
You have a pair of small antennae on your head.


Message History

The rat bites you but does no damage.
It was a potion of cancellation.
You feel magically purged.
You feel sick. You block the rat's attack. The adder bites you.
The goblin hits you but does no damage. The rat bites you but does no damage.
You hit the rat.
The rat is moderately wounded.
You block the adder's attack. The rat barely misses you.
The goblin hits you with a +0 club.
* * * LOW HITPOINT WARNING * * *
The rat twitches its whiskers.
The rat bites you but does no damage. You block the adder's attack.
You feel very mighty all of a sudden. You block the rat's attack.
The goblin hits you with a +0 club.
* * * LOW HITPOINT WARNING * * *
The adder bites you but does no damage. You block the rat's attack.
You hit the rat.
You kill the rat!
* * * LOW HITPOINT WARNING * * *
You feel sick. You block the rat's attack. The adder bites you.
You die...

#... .. #...##. ......####
######## ## #.... ...##
.......# # .. ..........
..####.# #.#. #.g#.[..##
..####.###.#.##Srg......
...<.....)....##@#.#
...###.###.#..##†#.##.#.##.
...###.# #.........# .....
# ...(...# ##.......##
#...# # ##.##### #<.......#
#...# # #### ###..#.##..#
#...# # # ......?....[#
#...# ##### #
.##^.....#..####...####....
# #....#.#..............###


You could see an adder, 2 goblins and a rat.

Vanquished Creatures
  An adder (D:2)
  A worm (D:2)
  2 dart slugs
  4 leopard geckos (D:1)
  5 bats
  4 giant cockroaches
  2 goblins
  3 hobgoblins
  2 jackals (D:2)
  3 quokkas (D:2)
  2 frilled lizards
  3 kobolds (D:1)
  11 rats
43 creatures vanquished.

Notes
Turn   | Place    | Note
-------+----------+-------------------------------------------
     0 | D:1      | Alarkh the Demonspawn Fighter began the quest for the Orb.
     0 | D:1      | Reached XP level 1. HP: 18/18 MP: 1/1
   246 | D:1      | Gained mutation: You regenerate a little health from kills.
                  | [demonic ancestry]
   246 | D:1      | Reached XP level 2. HP: 17/24 MP: 2/2
   913 | D:2      | Gained mutation: You sometimes gain a little power by
                  | taking damage. [demonic ancestry]
   913 | D:2      | Reached XP level 3. HP: 29/29 MP: 3/3
  1181 | D:2      | Gained mutation: You are clumsy. (Dex -2) [potion of
                  | mutation]
  1181 | D:2      | Gained mutation: You have a pair of small antennae on your
                  | head. [potion of mutation]
  1181 | D:2      | Lost mutation: You are clumsy. (Dex -2) [potion of
                  | mutation]
  1440 | D:2      | Slain by an adder

Illustrated notes

Levels and vault maps discovered:
D:1:      psy_arrival_fountain, layout_basic, minmay_fountain_box,
          minmay_pentomino_p2
D:2:      layout_loops_cross, chequers_ecumenical_altar_twisty

Skill      XL: |  1  2  3 |
---------------+----------+-----
Unarmed Combat | 2 3 |  3.0
Shields        | 3 |  3.2
Fighting       | |  3.5
Armour         | |  2.6

Action                   || total
-------------------------++-------
Melee: Unarmed           ||   226
  Use: Potion            ||     3
Armor: Scale mail        ||   143
Dodge: Dodged            ||    82
Block: Kite shield       ||   141

Table legend: (Time is in decaauts)
 A = Elapsed time spent in this place.
 B = Non-inter-level travel time spent in this place.
 C = Inter-level travel time spent in this place.
 D = Time resting spent in this place.
 E = Time spent auto-exploring this place.
 F = Levels seen in this place.
 G = Mean time per level.
                   A        B        C        D        E       F      G
               +--------+--------+--------+--------+--------+-----+--------+
         Total |   1445 |   1432 |     13 |      7 |   1030 |   2 |  722.5 |
       Dungeon |   1445 |   1432 |     13 |      7 |   1030 |   2 |  722.5 |
               +--------+--------+--------+--------+--------+-----+--------+

Top non-repeatable levels by time:
     D:1: 860 daAuts
     D:2: 585 daAuts
